 Dungeon Crawl Stone Soup version 0.18.1-2-ga659475 (webtiles) character file.

43997 Gingerlord the Cleaver (level 13, 0/105 HPs)
             Began as a Mummy Fighter on May 8, 2016.
             Was an Initiate of Gozag.
             Killed from afar by a rime drake (18 damage)
             ... with a flash freeze
             ... on level 7 of the Lair of Beasts.
             The game lasted 00:55:24 (25201 turns).

Gingerlord the Cleaver (Mummy Fighter)             Turns: 25201, Time: 00:55:25

Health: 0/105      AC: 19    Str: 20    XL:     13   Next: 93%
Magic:  13/13      EV: 18    Int: 15    God:    Gozag
Gold:   832        SH: 12    Dex: 20    Spells: 0 memorised, 12 levels left

rFire  x . .     SeeInvis .     v - +9 war axe "Vengabreth" {flame, Int+7}
rCold  + . .     Gourm    .     a - +0 chain mail {rPois}
rNeg   + + +     Faith    .     c - +0 shield
rPois  ∞         Spirit   .     m - +2 helmet
rElec  .         Dismiss  .     n - +1 cloak {+Inv}
rCorr  .         Reflect  .     h - +0 pair of gloves
SustAt +         Harm     .     p - +0 pair of boots
MR     +....                    (no amulet)
Stlth  +.........               j - ring of stealth
                                x - ring of sustain attributes

@: agile, very slightly contaminated, invisible, somewhat resistant to hostile
enchantments, very unstealthy
A: no food or potions, fire vulnerability, cold resistance 1, negative energy
resistance 3, torment resistance, unbreathing, in touch with death 1, restore
body
a: Self-Restoration, Potion Petition, Call Merchant, Bribe Branch, Renounce
Religion, Turn Visible


You were on level 7 of the Lair of Beasts.
You worshipped Gozag.
Gozag was noncommittal.
You were not hungry.

You visited 4 branches of the dungeon, and saw 22 of its levels.

You collected 4953 gold pieces.
You spent 219 gold pieces at shops.
You paid 3902 gold pieces to Gozag.

Inventory:

Hand Weapons
 i - a +6 broad axe of draining
 v - the +9 war axe "Vengabreth" (weapon) {flame, Int+7}
   (You found it on level 7 of the Lair of Beasts)

   It has been specially enchanted to burn those struck by it, causing extra
   injury to most foes and up to half again as much damage against particularly
   susceptible opponents.
   Big, fiery blades are also staple armaments of hydra-hunters.
   It affects your intelligence (+7).
 B - a +2 war axe of flaming
Armour
 a - a +0 chain mail of poison resistance (worn)
 c - a +0 shield (worn)
 h - a +0 pair of gloves (worn)
 m - a +2 helmet (worn)
 n - a +1 cloak of invisibility (worn)
 p - a +0 pair of boots (worn)
Jewellery
 e - an uncursed ring of flight
 j - a ring of stealth (right hand)
 x - a ring of sustain attributes (left hand)
Wands
 k - a wand of teleportation (6/9)
 t - a wand of polymorph (15/24)
 u - a wand of iceblast (10/15)
 w - a wand of heal wounds (2/9)
Scrolls
 b - 4 scrolls of vulnerability
 d - 9 scrolls of remove curse
 f - 4 scrolls of enchant armour
 g - 7 scrolls of teleportation
 l - 5 scrolls of identify
 o - 9 scrolls of noise
 q - 3 scrolls of immolation
 r - a scroll of fear
 s - 3 scrolls of amnesia


   Skills:
 + Level 10.9 Fighting
 + Level 11.0 Axes
 + Level 9.2 Armour
 + Level 9.1 Dodging
 + Level 9.3 Shields


You had 12 spell levels left.
You didn't know any spells.

Dungeon Overview and Level Annotations

Branches:
Dungeon (12/15)            Temple (1/1) D:4            Lair (8/8) D:11
 Shoals (0/4) Lair:5       Spider (0/4) Lair:3          Orc (1/2) D:10
  Slime: Lair:6-8

Altars:
Ashenzari
Cheibriados
Dithmenos
Fedhas
Gozag
Makhleb
Nemelex Xobeh
Pakellas
Qazlal
Ru
Sif Muna
Trog
Vehumet
Xom
Zin
The Shining One

Shops:
D:10 (   Lair:5 (

Annotations:
D:9 Grum
D:11 Maud, Urug


Innate Abilities, Weirdness & Mutations

You do not eat or drink.
Your flesh is vulnerable to fire.
You are immune to poison.
Your flesh is cold resistant.
You are immune to negative energy.
You are immune to unholy pain and torment.
You can survive without breathing.
You are in touch with the powers of death.
You can restore your body by infusing magical energy.


Message History

[c] - 273 gold - heal wounds and magic Purchase which effect?
You fade into invisibility!
You feel agile all of a sudden. The death yak closely misses you.
You are very lightly contaminated with residual magic.
You slash the death yak! You burn the death yak.
The death yak is moderately wounded.
The death yak gores you.
* * * LOW HITPOINT WARNING * * *
A yak comes into view.
Unknown command.
The rime drake breathes ice past the death yak.
The flash freeze misses you. The death yak gores you.
* * * LOW HITPOINT WARNING * * *
Unknown command.
Unknown command.
The rime drake breathes ice at something.
The flash freeze hits you! You partially resist.
You die...
Your body crumbles into a pile of gold.

.....## ##...######
#.#..### ...P#.# #...P#
#....##. ..##### ##..P#
##...... .##
#.#.############...... ##
#.....##...##......... .#
#.#..>........[.<..... ##
##......#.#........... .##
#.......##.#...P...... ..##
##...@...#..P......... ≈..#
#.................... ≈..##
##..k.........#......
≈...##
#....Y.......P...P...
≈....#
##.......#............
≈.P.##
##...........#.........
.≈#.#
####......(...............
.####
#..#............#.........
.##
###...................Y....


You could see a death yak and a rime drake.

Vanquished Creatures
  Gastronok (D:10)
  3 hydras
  Erica (Lair:1)
  A catoblepas (Lair:4)
  A death knight (D:11)
  6 death yaks
  4 hill giants
  A lindwurm (Lair:6)
  2 black mambas
  Maurice (D:9)
  A griffon (Lair:7)
  7 elephants
  Psyche (D:9)
  A rime drake (Lair:8)
  10 spiny frogs
  3 komodo dragons
  3 trolls
  A merfolk (Lair:5)
  A queen bee (Lair:2)
  A two-headed ogre (D:10)
  Prince Ribbit (Lair:2)
  24 blink frogs
  A spriggan (D:7)
  A shadow (D:11)
  3 wyverns
  21 yaks
  6 basilisks
  4 hippogriffs
  2 hungry ghosts
  A steam dragon (Lair:6)
  10 water moccasins
  16 porcupines
  2 hell hounds (D:11)
  3 orc warriors
  A sky beast (D:7)
  3 black bears
  2 eyes of draining (D:10)
  4 ice beasts
  5 phantoms
  18 wolves
  3 centaurs
  6 ogres
  12 crocodiles
  A big kobold (D:7)
  18 giant frogs
  A wyvern zombie (D:8)
  4 scorpions
  A wyvern skeleton (D:10)
  28 killer bees
  5 wights
  9 howler monkeys
  3 electric eels
  6 crimson imps
  2 centaur zombies
  2 giant frog zombies
  6 hounds
  2 jellies
  Crazy Yiuf (D:3)
  A centaur skeleton (D:7)
  11 orc priests
  A giant frog skeleton (D:5)
  4 orc wizards
  Jessica (D:3)
  8 iguanas
  13 worker ants
  2 hell rats (Lair:3)
  4 sheep (Lair:7)
  A hound zombie (D:5)
  2 hound skeletons
  2 worker ant zombies
  Robin (D:3)
  4 gnolls
  69 river rats
  8 adders
  An ooze (D:2)
  An adder zombie (D:9)
  2 worms
  3 dart slugs
  8 giant geckos
  49 orcs
  A ball python (D:5)
  5 giant cockroaches
  8 goblins
  10 hobgoblins
  20 jackals
  12 kobolds
  5 quokkas
  4 bats
  6 giant newts
  6 rats
  9 fungi
  2 plants
572 creatures vanquished.

Vanquished Creatures (others)
  23 fungi
  10 plants
33 creatures vanquished.

Grand Total: 605 creatures vanquished

Notes
Turn   | Place    | Note
--------------------------------------------------------------
     0 | D:1      | Gingerlord the Mummy Fighter began the quest for the Orb.
     0 | D:1      | Reached XP level 1. HP: 18/18 MP: 1/1
   153 | D:1      | Reached XP level 2. HP: 24/24 MP: 2/2
   715 | D:2      | Reached XP level 3. HP: 29/29 MP: 3/3
   717 | D:2      | Reached skill level 1 in Dodging
   866 | D:2      | Reached skill level 2 in Axes
  1378 | D:3      | Reached XP level 4. HP: 26/35 MP: 4/4
  2085 | D:3      | Noticed Jessica
  2088 | D:3      | Killed Jessica
  2135 | D:3      | Noticed Crazy Yiuf
  2183 | D:3      | Killed Crazy Yiuf
  2183 | D:3      | Reached XP level 5. HP: 11/41 MP: 5/5
  2513 | D:3      | Noticed Robin
  2520 | D:3      | Killed Robin
  2617 | D:4      | Noticed a phantom
  2639 | D:4      | Noticed an ogre
  2651 | D:3      | Killed a phantom
  2651 | D:3      | Reached XP level 6. HP: 40/48 MP: 6/6
  3360 | D:4      | Reached skill level 3 in Axes
  3456 | D:4      | Reached XP level 7. HP: 47/54 MP: 7/7
  3549 | D:4      | Found a staircase to the Ecumenical Temple.
  3727 | D:4      | Found a shimmering altar of Xom.
  3779 | D:5      | Entered Level 5 of the Dungeon
  3877 | Temple   | Entered the Ecumenical Temple
  3899 | Temple   | Became a worshipper of Gozag Ym Sagoz the Greedy
  3975 | D:5      | Found a radiant altar of Vehumet.
  4728 | D:6      | Reached skill level 5 in Fighting
  4728 | D:6      | Reached XP level 8. HP: 56/62 MP: 8/8
  4739 | D:6      | Found a sacrificial altar of Ru.
  5176 | D:6      | Found a radiant altar of Vehumet.
  5392 | D:6      | Reached skill level 4 in Axes
  5546 | D:7      | Reached skill level 5 in Shields
  5656 | D:7      | Reached skill level 5 in Axes
  5716 | D:7      | Reached XP level 9. HP: 52/69 MP: 9/9
  5863 | D:7      | Reached skill level 5 in Armour
  6637 | D:7      | Reached skill level 6 in Axes
  7676 | D:8      | Reached XP level 10. HP: 61/77 MP: 10/10
  7879 | D:9      | Reached skill level 5 in Dodging
  8223 | D:9      | Noticed Psyche
  8237 | D:9      | Killed Psyche
  8258 | D:9      | Reached skill level 7 in Axes
  8658 | D:9      | Noticed Grum
  8710 | D:10     | Entered Level 10 of the Dungeon
  9020 | D:10     | Found a staircase to the Orcish Mines.
  9326 | D:10     | Noticed a hill giant
  9372 | D:10     | Killed a hill giant
  9623 | D:9      | Noticed Maurice
  9699 | D:9      | Killed Maurice
  9985 | D:10     | Noticed Gastronok
 10001 | D:10     | Killed Gastronok
 10001 | D:10     | Reached skill level 8 in Axes
 10001 | D:10     | Reached XP level 11. HP: 32/86 MP: 11/11
 10454 | D:11     | Found a staircase to the Lair.
 10704 | D:11     | Noticed Urug
 11028 | D:10     | Bought a +2 war axe of flaming for 219 gold pieces
 11188 | D:11     | Noticed a hill giant
 11571 | D:11     | Noticed a hill giant
 11575 | D:11     | Noticed a hill giant
 11578 | D:11     | Noticed Maud
 11710 | D:11     | Noticed a hill giant
 11720 | D:11     | Noticed a death knight
 12129 | Orc:1    | Entered Level 1 of the Orcish Mines
 12129 | Orc:1    | Noticed an orc knight
 12129 | Orc:1    | Noticed an orc sorcerer
 12203 | D:11     | HP: 1/86 [hill giant/giant spiked club (18)]
 12689 | D:11     | Noticed a hill giant
 12733 | D:11     | Killed a hill giant
 12761 | D:11     | Killed a hill giant
 12800 | D:11     | Killed a death knight
 13161 | D:10     | Noticed a cyan ugly thing
 13693 | D:12     | Killed a hill giant
 13927 | Lair:1   | Entered Level 1 of the Lair of Beasts
 14058 | Lair:1   | Got a faintly glowing ring mail
 14076 | Lair:1   | Reached skill level 9 in Axes
 14088 | Lair:1   | Identified the +2 ring mail "Qidghuki" {rPois} (You found it on level 1 of the Lair of Beasts)
 14265 | Lair:1   | Noticed Erica
 14288 | Lair:1   | Killed Erica
 14486 | Lair:1   | Noticed Prince Ribbit
 14554 | Lair:2   | Killed Prince Ribbit
 15234 | Lair:2   | Reached XP level 12. HP: 52/95 MP: 12/12
 15702 | Lair:2   | HP: 2/95 [spiny frog (15)]
 17672 | Lair:3   | Found a hole to the Spider Nest.
 18346 | Lair:4   | Noticed a catoblepas
 18497 | Lair:4   | Reached skill level 10 in Axes
 19800 | Lair:4   | Killed a catoblepas
 20036 | Lair:4   | Reached skill level 10 in Fighting
 20461 | Lair:5   | Noticed a seven-headed hydra
 20461 | Lair:5   | Noticed a death yak
 20461 | Lair:5   | Noticed a death yak
 20461 | Lair:5   | Noticed a death yak
 20461 | Lair:5   | Noticed a death yak
 20467 | Lair:4   | Killed a four-headed hydra
 20493 | Lair:5   | Gained mutation: You are in touch with the powers of death. [Mummy growth]
 20493 | Lair:5   | Gained mutation: You can restore your body by infusing magical energy. [Mummy growth]
 20493 | Lair:5   | Reached XP level 13. HP: 63/103 MP: 13/13
 21926 | Lair:5   | Identified a scroll of acquirement
 21980 | Lair:5   | Found a staircase to the Shoals.
 22219 | Lair:5   | Found a runed door.
 23768 | Lair:8   | Entered Level 8 of the Lair of Beasts
 24544 | Lair:7   | Got a faintly glowing war axe
 24545 | Lair:7   | Identified the +9 war axe "Vengabreth" {flame, Int+7} (You found it on level 7 of the Lair of Beasts)
 24918 | Lair:8   | Reached skill level 11 in Axes
 25201 | Lair:7   | Killed from afar by a rime drake

Skill      XL: |  1  2  3  4  5  6  7  8  9 10 11 12 13 |
---------------+----------------------------------------+-----
Dodging        | 1 2 3 4 5 6 7 9 |  9.1
Axes           | 2 3 5 6 8 9 10 11 | 11.0
Shields        | 3 4 5 6 7 8 9 |  9.3
Armour         | 3 4 5 6 7 8 9 |  9.2
Fighting       | 4 5 6 8 9 10 | 10.9

Action                   |  1- 3 |  4- 6 |  7- 9 | 10-12 | 13-15 || total
-------------------------+-------+-------+-------+-------+-------++-------
Melee: War axe           |   127 |   209 |   632 |  1403 |   271 ||  2642
       Broad axe         |       |       |       |       |   206 ||   206
Invok: Potion Petition   |       |       |     1 |     3 |     3 ||     7
       Call Merchant     |       |       |       |     1 |     1 ||     2
Evoke: Wand              |       |       |       |     8 |     1 ||     9
  Use: Scroll            |       |       |     6 |    14 |     9 ||    29
 Stab: Distracted        |       |       |     2 |    10 |     3 ||    15
       Invisible         |       |       |       |       |     3 ||     3
Armor: Scale mail        |    56 |    90 |     6 |       |       ||   152
       Chain mail        |       |       |   451 |   553 |   267 ||  1271
Dodge: Dodged            |    37 |    79 |   211 |   430 |   186 ||   943
Block: Shield            |    71 |   113 |   423 |   776 |   243 ||  1626
